NCAA
NORTH CAROLINA TAR HEELS @ TEXAS CHRISTIAN HORNED FROGS
04/24/2029
 
TOP OF THE 1ST
North Carolina Tar Heels batting - Pitching for Texas Christian Horned Frogs : LHP Colin Henderson
Pitching: LHP Colin Henderson
Batting: RHB Marvin Montgomery 0-0: Fly out, F8 (Line Drive, 8RM)
Batting: LHB Alfonso Sánchez 0-0: Ball
1-0: Ball
2-0: Called Strike
2-1: Ball
3-1: Base on Balls
Batting: LHB Marvin Jones 0-0: Ball
Alfonso Sánchez steals 2nd base
1-0: Ball
2-0: Ball
3-0: Swinging Strike
3-1: Called Strike
3-2: Foul Ball, location: 2F
3-2: Base on Balls
Batting: LHB Timothy Pierce 0-0: Ball
Alfonso Sánchez steals 3rd base
1-0: Called Strike
1-1: Ball
2-1: 3-RUN HOME RUN (Flyball, 9LD), Distance : 335 ft
Batting: LHB Stanley Woods 0-0: SINGLE (Line Drive, 34D)
Batting: RHB Howard Brown 0-0: Ball
1-0: Fielders Choice at 2nd, 1-6 (Groundball, P)
Batting: RHB James Shane 0-0: Called Strike
0-1: Foul Ball, location: 2F
0-2: Ball
1-2: Strikes out swinging
Top of the 1st over - 3 runs, 2 hits, 0 errors, 1 left on base; North Carolina 3 - Texas Christian 0
BOTTOM OF THE 1ST
Texas Christian Horned Frogs batting - Pitching for North Carolina Tar Heels : LHP Keith Baldwin
Pitching: LHP Keith Baldwin
Batting: SHB Pete Fields 0-0: Ball
1-0: Ball
2-0: Foul Ball, location: 2F
2-1: Ball
3-1: Foul Ball, location: 2F
3-2: Foul Ball, location: 2F
3-2: Strikes out swinging
Batting: LHB Nicholas Morgan 0-0: Called Strike
0-1: Ball
1-1: Ball
2-1: Ball
3-1: SINGLE (Groundball, 34D)
Batting: RHB José Sandoval 0-0: SINGLE (Line Drive, 8RS)
Nicholas Morgan to second
Batting: LHB Perry Hayward 0-0: Ball
1-0: Ball
2-0: Ball
3-0: Base on Balls
Nicholas Morgan to third
José Sandoval to second
Batting: RHB Danny Wilson 0-0: Called Strike
0-1: Called Strike
0-2: Strikes out swinging
Batting: RHB Jason Ball 0-0: Called Strike
0-1: Foul Ball, location: 2F
0-2: Strikes out swinging
Bottom of the 1st over - 0 runs, 2 hits, 0 errors, 3 left on base; North Carolina 3 - Texas Christian 0
TOP OF THE 2ND
North Carolina Tar Heels batting - Pitching for Texas Christian Horned Frogs : LHP Colin Henderson
Batting: RHB Shane Hunter 0-0: Ball
1-0: Fly out, F7 (Flyball, 78D)
Batting: LHB Chris MacFadden 0-0: Ball
1-0: Ball
2-0: Ball
3-0: Called Strike
3-1: Fly out, F2 (Popup, 23F)
Batting: RHB Marvin Montgomery 0-0: Ground out 6-3 (Groundball, 6)
Top of the 2nd over - 0 runs, 0 hits, 0 errors, 0 left on base; North Carolina 3 - Texas Christian 0
BOTTOM OF THE 2ND
Texas Christian Horned Frogs batting - Pitching for North Carolina Tar Heels : LHP Keith Baldwin
Batting: LHB Joaquín Trejo 0-0: SOLO HOME RUN (Flyball, 7D), Distance : 403 ft
Batting: RHB Lee Elliott 0-0: Called Strike
0-1: Ground out U3 (Groundball, 3S)
Batting: RHB Arthur Salyers 0-0: Ball
1-0: Called Strike
1-1: Ground out 6-3 (Groundball, 6M)
Batting: SHB Pete Fields 0-0: Called Strike
0-1: Ball
1-1: Foul Ball, location: 2F
1-2: Ball
2-2: Foul Ball, location: 2F
2-2: Ball
3-2: Base on Balls
Batting: LHB Nicholas Morgan 0-0: Called Strike
0-1: Swinging Strike
0-2: Ball
1-2: Ball
2-2: Ground out 4-3 (Groundball, 4)
Bottom of the 2nd over - 1 run, 1 hit, 0 errors, 1 left on base; North Carolina 3 - Texas Christian 1
TOP OF THE 3RD
North Carolina Tar Heels batting - Pitching for Texas Christian Horned Frogs : LHP Colin Henderson
Batting: LHB Alfonso Sánchez 0-0: Ball
1-0: Called Strike
1-1: Fly out, F7 (Flyball, 7)
Batting: LHB Marvin Jones 0-0: Ball
1-0: Swinging Strike
1-1: Foul Ball, location: 2F
1-2: Foul Ball, location: 2F
1-2: SOLO HOME RUN (Flyball, 9LD), Distance : 343 ft
Batting: LHB Timothy Pierce 0-0: Ball
1-0: Ball
2-0: Ball
3-0: Foul Ball, location: 2F
3-1: Base on Balls
Batting: LHB Stanley Woods 0-0: Ball
1-0: Called Strike
1-1: Ball
2-1: DOUBLE (Line Drive, 3D)
Timothy Pierce to third
Runner from 3rd tries for Home, SAFE, no throw
Batting: RHB Howard Brown 0-0: SINGLE (Groundball, 56) (infield hit)
Stanley Woods to third
Batting: RHB James Shane 0-0: Ball
1-0: Ball
2-0: Ball
3-0: Called Strike
3-1: Foul Ball, location: 2F
3-2: Base on Balls
Howard Brown to second
Batting: RHB Shane Hunter 0-0: Ball
1-0: Ball
2-0: Fly out, F8 (Flyball, 89S)
Batting: LHB Chris MacFadden 0-0: Ground out U3 (Groundball, 3)
Top of the 3rd over - 2 runs, 3 hits, 0 errors, 3 left on base; North Carolina 5 - Texas Christian 1
BOTTOM OF THE 3RD
Texas Christian Horned Frogs batting - Pitching for North Carolina Tar Heels : LHP Keith Baldwin
Batting: RHB José Sandoval 0-0: Ball
1-0: Swinging Strike
1-1: Foul Ball, location: 2F
1-2: SINGLE (Line Drive, 9S)
Batting: LHB Perry Hayward 0-0: Ball
1-0: Ball
2-0: SINGLE (Groundball, 4S) (infield hit)
José Sandoval to second
Batting: RHB Danny Wilson 0-0: Ball
1-0: Foul Ball, location: 2F
1-1: Ball
2-1: SINGLE (Line Drive, 5)
José Sandoval to third
Perry Hayward to second
Batting: RHB Jason Ball 0-0: Called Strike
0-1: Swinging Strike
0-2: Ball
1-2: Strikes out looking
Batting: LHB Joaquín Trejo 0-0: Called Strike
0-1: Foul Ball, location: 2F
0-2: Strikes out swinging
Batting: RHB Lee Elliott 0-0: Ball
1-0: Ball
2-0: Ball
3-0: Called Strike
3-1: Foul Ball, location: 2F
3-2: Fly out, F8 (Flyball, 8LD)
Bottom of the 3rd over - 0 runs, 3 hits, 0 errors, 3 left on base; North Carolina 5 - Texas Christian 1
TOP OF THE 4TH
North Carolina Tar Heels batting - Pitching for Texas Christian Horned Frogs : LHP Colin Henderson
Batting: RHB Marvin Montgomery 0-0: Foul Ball, location: 2F
0-1: SINGLE (Flyball, 56D)
Batting: LHB Alfonso Sánchez 0-0: Ball
1-0: Ball
2-0: Ball
3-0: Base on Balls
Marvin Montgomery to second
Batting: LHB Marvin Jones 0-0: Ball
1-0: Foul Ball, location: 2F
1-1: SINGLE (Groundball, 3D)
Marvin Montgomery to third
Alfonso Sánchez to second
Batting: LHB Timothy Pierce 0-0: Ball
1-0: Ball
2-0: Ball
3-0: Base on Balls
Marvin Montgomery scores
Alfonso Sánchez to third
Marvin Jones to second
Batting: LHB Stanley Woods 0-0: SINGLE (Line Drive, 4S)
Alfonso Sánchez scores
Marvin Jones to third
Timothy Pierce to second
Runner from 3rd tries for Home, SAFE, throw made home
Batting: RHB Howard Brown 0-0: Foul Ball, location: 2F
0-1: Ball
1-1: SINGLE (Groundball, 34D)
Timothy Pierce to third
Stanley Woods to second
Batting: RHB James Shane 0-0: Called Strike
0-1: Called Strike
0-2: Ball
1-2: SINGLE (Line Drive, 7S)
Timothy Pierce scores
Stanley Woods to third
Howard Brown to second
Pitching: RHP Andrés Fernández
Batting: RHB Shane Hunter 0-0: Hit by Pitch
Stanley Woods scores
Howard Brown to third
James Shane to second
Batting: LHB Chris MacFadden 0-0: SINGLE (Line Drive, 56D)
Howard Brown scores
James Shane to third
Shane Hunter to second
Batting: RHB Marvin Montgomery 0-0: Ball
1-0: Swinging Strike
1-1: SINGLE (Groundball, 56D)
James Shane scores
Shane Hunter to third
Chris MacFadden to second
Batting: LHB Alfonso Sánchez 0-0: Ball
1-0: Ball
2-0: Swinging Strike
2-1: Ball
3-1: Base on Balls
Shane Hunter scores
Chris MacFadden to third
Marvin Montgomery to second
Batting: LHB Marvin Jones 0-0: Foul Ball, location: 2F
0-1: SINGLE (Line Drive, 78M)
Chris MacFadden scores
Marvin Montgomery to third
Alfonso Sánchez to second
Runner from 3rd tries for Home, SAFE, throw made home
Batting: LHB Timothy Pierce 0-0: Ball
1-0: Swinging Strike
1-1: 3-RUN HOME RUN (Flyball, 9D), Distance : 368 ft
Batting: LHB Stanley Woods 0-0: Ground out U3 (Groundball, 3L)
Batting: RHB Howard Brown 0-0: Ball
1-0: Ball
2-0: Ball
3-0: Called Strike
3-1: Called Strike
3-2: Fly out, F9 (Flyball, 9S)
Batting: RHB James Shane 0-0: Called Strike
0-1: Ball
1-1: Swinging Strike
1-2: Foul Ball, location: 2F
1-2: Strikes out looking
Top of the 4th over - 13 runs, 9 hits, 0 errors, 0 left on base; North Carolina 18 - Texas Christian 1
BOTTOM OF THE 4TH
Texas Christian Horned Frogs batting - Pitching for North Carolina Tar Heels : LHP Keith Baldwin
Batting: RHB Arthur Salyers 0-0: Foul Ball, location: 2F
0-1: Ground out 6-3 (Groundball, 6D)
Batting: SHB Pete Fields 0-0: Ground out 6-3 (Groundball, 6)
Batting: LHB Nicholas Morgan 0-0: Ball
1-0: Foul Ball, location: 2F
1-1: Foul Ball, location: 2F
1-2: SINGLE (Groundball, 4M) (infield hit)
Batting: RHB José Sandoval 0-0: Ball
1-0: Called Strike
1-1: Called Strike
1-2: Strikes out swinging
Bottom of the 4th over - 0 runs, 1 hit, 0 errors, 1 left on base; North Carolina 18 - Texas Christian 1
TOP OF THE 5TH
North Carolina Tar Heels batting - Pitching for Texas Christian Horned Frogs : RHP Andrés Fernández
Batting: RHB Shane Hunter 0-0: Called Strike
0-1: Ball
1-1: Swinging Strike
1-2: SINGLE (Groundball, 34D)
Batting: LHB Chris MacFadden 0-0: Called Strike
Shane Hunter steals 2nd base
0-1: Ball
1-1: Foul Ball, location: 2F
1-2: Ball
2-2: Ground out 4-3 (Groundball, 4S)
Shane Hunter to third
Batting: RHB Marvin Montgomery 0-0: Ball
1-0: Ball
2-0: Called Strike
2-1: Swinging Strike
2-2: Strikes out swinging
Batting: LHB Alfonso Sánchez 0-0: Called Strike
0-1: Hit by Pitch
Pinch Runner at 1st Scotty Sherman:
Batting: LHB Marvin Jones 0-0: Called Strike
Scotty Sherman steals 2nd base
0-1: Ball
1-1: Foul Ball, location: 2F
1-2: Foul Ball, location: 2F
1-2: Strikes out swinging
Top of the 5th over - 0 runs, 1 hit, 0 errors, 2 left on base; North Carolina 18 - Texas Christian 1
BOTTOM OF THE 5TH
Texas Christian Horned Frogs batting - Pitching for North Carolina Tar Heels : LHP Keith Baldwin
Now in LF: Scotty Sherman
Batting: LHB Perry Hayward 0-0: Ball
1-0: Ball
2-0: Called Strike
2-1: Swinging Strike
2-2: Ball
3-2: Strikes out swinging
Pitching: RHP Adam Miller
Batting: RHB Danny Wilson 0-0: Called Strike
0-1: Ball
1-1: Fly out, F9 (Flyball, 9D)
Batting: RHB Jason Ball 0-0: SINGLE (Groundball, 3L) (infield hit)
Batting: LHB Joaquín Trejo 0-0: Ball
1-0: Called Strike
1-1: Called Strike
1-2: Fielders Choice at 2nd, 5-4 (Groundball, 56)
Bottom of the 5th over - 0 runs, 1 hit, 0 errors, 1 left on base; North Carolina 18 - Texas Christian 1
TOP OF THE 6TH
North Carolina Tar Heels batting - Pitching for Texas Christian Horned Frogs : RHP Andrés Fernández
Batting: LHB Timothy Pierce 0-0: Ball
1-0: Ball
2-0: Ball
3-0: Called Strike
3-1: Base on Balls
Batting: LHB Stanley Woods 0-0: SINGLE (Flyball, 9LS)
Timothy Pierce to second
Throwing error, E9
Timothy Pierce scores
Stanley Woods to second
Batting: RHB Howard Brown 0-0: Ball
1-0: Called Strike
1-1: Called Strike
1-2: Strikes out swinging
Batting: RHB James Shane 0-0: Called Strike
0-1: Ball
1-1: SINGLE (Groundball, 4MD)
Stanley Woods to third
Runner from 3rd tries for Home, SAFE, throw made home
James Shane to second
Batting: RHB Shane Hunter 0-0: Ground out 1-3 (Groundball, 13)
James Shane to third
Batting: LHB Chris MacFadden 0-0: Fly out, F9 (Flyball, 9S)
Top of the 6th over - 2 runs, 2 hits, 1 error, 1 left on base; North Carolina 20 - Texas Christian 1
BOTTOM OF THE 6TH
Texas Christian Horned Frogs batting - Pitching for North Carolina Tar Heels : RHP Adam Miller
Batting: RHB Lee Elliott 0-0: Called Strike
0-1: Ball
1-1: Called Strike
1-2: Ball
2-2: Strikes out swinging
Batting: RHB Arthur Salyers 0-0: Called Strike
0-1: DOUBLE (Flyball, 78D)
Batting: SHB Pete Fields 0-0: Called Strike
Arthur Salyers steals 3rd base
0-1: Ground out 5-3 (Groundball, 5)
Batting: LHB Nicholas Morgan 0-0: Ball
1-0: SINGLE (Groundball, 4S) (infield hit)
Arthur Salyers scores
Batting: RHB José Sandoval 0-0: Foul Ball, location: 2F
0-1: Swinging Strike
0-2: Foul Ball, location: 2F
0-2: Foul Ball, location: 2F
0-2: Strikes out looking
Bottom of the 6th over - 1 run, 2 hits, 0 errors, 1 left on base; North Carolina 20 - Texas Christian 2
TOP OF THE 7TH
North Carolina Tar Heels batting - Pitching for Texas Christian Horned Frogs : RHP Andrés Fernández
Batting: RHB Marvin Montgomery 0-0: Ball
1-0: Called Strike
1-1: Ball
2-1: Ball
3-1: Ground out 6-3 (Groundball, 6)
Pitching: LHP Bob Watkins
Batting: RHB Scotty Sherman 0-0: Ball
1-0: Called Strike
1-1: Ball
2-1: Ball
3-1: Base on Balls
Batting: LHB Marvin Jones 0-0: Ball
1-0: Ball
2-0: Swinging Strike
2-1: Called Strike
2-2: Ball
3-2: Fly out, F7 (Flyball, 7)
Batting: LHB Timothy Pierce 0-0: Ball
Scotty Sherman steals 2nd base
1-0: Foul Ball, location: 2F
1-1: Called Strike
1-2: DOUBLE (Flyball, 89D)
Scotty Sherman scores
Batting: LHB Stanley Woods 0-0: Ball
1-0: Ball
2-0: Called Strike
2-1: Ball
3-1: Base on Balls
Batting: RHB Howard Brown 0-0: Foul Ball, location: 2F
0-1: Ball
1-1: Fly out, F5 (Line Drive, 56)
Top of the 7th over - 1 run, 1 hit, 0 errors, 2 left on base; North Carolina 21 - Texas Christian 2
BOTTOM OF THE 7TH
Texas Christian Horned Frogs batting - Pitching for North Carolina Tar Heels : RHP Adam Miller
Batting: LHB Perry Hayward 0-0: Ball
1-0: Reached on error, E1 (Groundball, 15S)
Batting: RHB Danny Wilson 0-0: Ball
1-0: SINGLE (Groundball, 6S) (infield hit)
Perry Hayward to third
Batting: RHB Jason Ball 0-0: Swinging Strike
0-1: Ball
1-1: Foul Ball, location: 2F
1-2: Strikes out swinging
Batting: LHB Joaquín Trejo 0-0: Ball
1-0: Foul Ball, location: 2F
1-1: Hit by Pitch
Danny Wilson to second
Batting: RHB Lee Elliott 0-0: Called Strike
0-1: Ball
1-1: Foul Ball, location: 2F
1-2: Ball
2-2: Ball
3-2: Strikes out swinging
Batting: RHB Arthur Salyers 0-0: Ball
1-0: Ball
2-0: SINGLE (Flyball, 8LS)
Perry Hayward scores
Danny Wilson to third
Joaquín Trejo to second
Runner from 3rd tries for Home, SAFE, throw made home
Batting: SHB Pete Fields 0-0: Called Strike
0-1: Foul Ball, location: 2F
0-2: Ball
1-2: Strikes out swinging
Bottom of the 7th over - 2 runs, 2 hits, 1 error, 2 left on base; North Carolina 21 - Texas Christian 4
TOP OF THE 8TH
North Carolina Tar Heels batting - Pitching for Texas Christian Horned Frogs : LHP Bob Watkins
Batting: RHB James Shane 0-0: Ball
1-0: Called Strike
1-1: Ball
2-1: Foul Ball, location: 2F
2-2: Ground out 4-3 (Groundball, 4)
Batting: RHB Shane Hunter 0-0: Ball
1-0: Ball
2-0: Ball
3-0: Base on Balls
Batting: LHB Chris MacFadden 0-0: Ball
Wild Pitch!
Shane Hunter to second
1-0: Ball
Shane Hunter steals 3rd base
2-0: Foul Ball, location: 2F
2-1: Ball
3-1: Foul Ball, location: 2F
3-2: Ground out 4-3 (Groundball, 4)
Shane Hunter scores
Batting: RHB Marvin Montgomery 0-0: Ball
1-0: Ball
2-0: Fly out, F7 (Flyball, 7LMF)
Top of the 8th over - 1 run, 0 hits, 0 errors, 0 left on base; North Carolina 22 - Texas Christian 4
BOTTOM OF THE 8TH
Texas Christian Horned Frogs batting - Pitching for North Carolina Tar Heels : RHP Adam Miller
Batting: LHB Nicholas Morgan 0-0: Ball
1-0: Ball
2-0: Fly out, F9 (Line Drive, 9)
Batting: RHB José Sandoval 0-0: Ball
1-0: Ball
2-0: Called Strike
2-1: Ground out U3 (Groundball, 3)
Batting: LHB Perry Hayward 0-0: Ball
1-0: Ground out 4-3 (Groundball, 34D)
Bottom of the 8th over - 0 runs, 0 hits, 0 errors, 0 left on base; North Carolina 22 - Texas Christian 4
TOP OF THE 9TH
North Carolina Tar Heels batting - Pitching for Texas Christian Horned Frogs : LHP Bob Watkins
Batting: RHB Scotty Sherman 0-0: Foul Ball, location: 2F
0-1: Swinging Strike
0-2: Foul Ball, location: 2F
0-2: Ball
1-2: Ball
2-2: Ball
3-2: Foul Ball, location: 2F
3-2: Base on Balls
Batting: LHB Marvin Jones 0-0: Ball
1-0: Ball
2-0: Foul Ball, location: 2F
2-1: Ball
3-1: Foul Ball, location: 2F
3-2: 2-RUN HOME RUN (Flyball, 9D), Distance : 362 ft
Batting: LHB Timothy Pierce 0-0: Swinging Strike
0-1: Ball
1-1: Ball
2-1: Ball
3-1: Base on Balls
Pitching: RHP Liam Cameron
Batting: LHB Stanley Woods 0-0: Ball
1-0: Foul Ball, location: 2F
1-1: Ball
2-1: Ball
3-1: Base on Balls
Timothy Pierce to second
Batting: RHB Howard Brown 0-0: Ball
1-0: Ball
2-0: Grounds into double play, 4-6-3 (Groundball, 4)
Timothy Pierce to third
Batting: RHB James Shane 0-0: Ball
1-0: Ball
2-0: Called Strike
2-1: Ball
3-1: Foul Ball, location: 2F
3-2: Strikes out swinging, 2-3 out at first.
Top of the 9th over - 2 runs, 1 hit, 0 errors, 1 left on base; North Carolina 24 - Texas Christian 4
BOTTOM OF THE 9TH
Texas Christian Horned Frogs batting - Pitching for North Carolina Tar Heels : RHP Adam Miller
Batting: RHB Danny Wilson 0-0: Ball
1-0: Foul Ball, location: 2F
1-1: Fly out, F9 (Flyball, 9LS)
Batting: RHB Jason Ball 0-0: Called Strike
0-1: Ball
1-1: Called Strike
1-2: Strikes out swinging
Batting: LHB Joaquín Trejo 0-0: Foul Ball, location: 2F
0-1: Ball
1-1: Foul Ball, location: 2F
1-2: Ball
2-2: Ground out 5-3 (Groundball, 56)
Bottom of the 9th over - 0 runs, 0 hits, 0 errors, 0 left on base; North Carolina 24 - Texas Christian 4
Saturday, December 16th, 2017 - OOTP Baseball 18.8 Build 76